[Event "Early-Titled-Tuesday-Blitz-September-12-2023"]
[Site "Chess.com"]
[Date "2023.09.12"]
[Round "9"]
[White "Cheer_Down"]
[Black "Journey_to_GrandMaster_YT"]
[Result "1-0"]
[WhiteElo "2441"]
[BlackElo "2600"]
[TimeControl "180+1"]
[EndTime "9:47:13 PDT"]
[Termination "Cheer_Down won by resignation"]

1. e4 d6 2. d4 Nf6 3. Nc3 e5 4. Nf3 Nbd7 5. Bc4 Be7 6. O-O O-O 7. h3 c6 8. a4 a5 9. Re1 Nb6 10. Bb3 Nfd7 11. Be3 exd4 12. Bxd4 Nc5 13. Bxc5 dxc5 14. Qe2 Qd6 15. e5 Qg6 16. e6 c4 17. Bxc4 Nxc4 18.
exf7+ Rxf7 19. Qxc4 Bxh3 20. g3 Bd6 21. Ne4 Be6 22. Qd3 Bd5 23. Nh4 Qh6 24. Nxd6 Qxd6 25. c4 g5 26. Nf5 Qf6 27. cxd5 Qxf5 28. Qxf5 Rxf5 29. dxc6 bxc6 30. Rac1 Rb8 31. Rc2 Rf6 32.
Re7 Rb4 33. Rd2 Rf7 34. Re5 Rxa4 35. Rxg5+ Kf8 36. Rc5 Ra1+ 37. Kg2 Rf6 38. Rd7 h6 39. Ra7 a4 40. Rc4 Rb1 41. Rb4 Re6 42. Rb8+ Re8 43.
Rb6 Rc8 44. Rxa4 c5 45. Ra7 c4 46. Rxh6 Kg8 47. Rg6+ Kh8 48. Rh6+ Kg8 49. Rb6 c3 50. Rg6+ Kh8 51. bxc3 Rxc3 52. Rf6 Rc8 53. Rff7 Rb6 54. g4 Rh6 55. Kg3 Rg8 56. f3 Rc8 57. Rf5 Rh1 58.
Kf4 Rc4+ 59. Kg5 Rc8 60. Rff7 Rc5+ 61. Rf5 Rc8 62. Rff7 Rc5+ 63. Kg6 Rc6+ 64. Rf6 Rh6+ 65.
Kxh6 Rxf6+ 66. Kh5 Rxf3 67. Ra8+ Kg7 68. Ra7+ Kg8 69. Kg6 Rf8 70. g5 Rb8 71. Kh6 Kh8 72. Rh7+ Kg8 73. Rd7 Ra8 74. Rd6 Rb8 75. Rc6 Ra8 76.
Rb6 Rb8 77. Rxb8+ Kf7 78. g6+ Kf6 79. g7 1-0

[Event "Early-Titled-Tuesday-Blitz-September-12-2023"]
[Site "Chess.com"]
[Date "2023.09.12"]
[Round "9"]
[White "DTChess"]
[Black "Iball95"]
[Result "1/2-1/2"]
[WhiteElo "2534"]
[BlackElo "2777"]
[TimeControl "180+1"]
[EndTime "9:47:14 PDT"]
[Termination "Game drawn by repetition"]

1. e4 c5 2. Nf3 e6 3. b3 Nc6 4. Bb2 a6 5. g3 d5 6. exd5 exd5 7. Bg2 Nf6 8. O-O Be7 9. d3 O-O 10. Nbd2 Re8 11. Re1 Bf5 12. Ne5 Qc7 13. Nxc6 Qxc6 14. Nf3 Rad8 15. h3 h6 16. Ne5 Qc8 17. g4 Be6 18. f4 d4 19. Qd2 Bd5 20. Qf2 Bd6 21. g5 hxg5 22. fxg5 Bxe5 23. gxf6 Bxf6 24. Rxe8+ Rxe8 25.
Bxd5 Qxh3 26. Bg2 Qh5 27. Re1 Re5 28. Rxe5 Bxe5 29. Bf3 Qg5+ 30. Kf1 b6 31. Qg2 Qf6 32. Bc1 g6 33. Bg5 Qd6 34. Qg4 Bf6 35. Bf4 Qd8 36. Bb7 Kg7 37. Be4 a5 38. a4 Qh8 39.
Kg2 Qe8 40. Qh3 Kg8 41. Qf3 Qe7 42. Bg3 Kg7 43. Bd5 Qd8 44. Bc4 Qh8 45. Qd5 Qe8 46. Qe4 Qh8 47. Be5 Qd8 48. Bg3 Qh8 49. Qb7 Qe8 50. Qf3 Qh8 51. Bc7 Qh6 52. Bg3 Qd2+ 53. Qf2 Qd1 54. Bd5 Qg4 55. Bf3 Qg5 56. Qe2 Kg8 57. Qe8+ Kg7 58. Qe2 Kg8 59. Kf2 Kg7 60. Bc7 Qh4+ 61. Kf1 Qh3+ 62. Bg2 Qf5+ 63. Qf3 Qe6 64.
Qd5 Qe3 65. Qf3 Qc1+ 66. Kf2 Bh4+ 67. Bg3 Qxc2+ 68. Kg1 Bxg3 69. Qxg3 Qxb3 70. Qe5+ Kh7 71. Bd5 Qd1+ 72. Kf2 Qd2+ 73. Qe2 Qxe2+ 74. Kxe2 f5 75.
Kf3 g5 76. Bc4 Kg6 77. Kg3 Kf6 78. Kf3 Ke5 79. Kg3 Kf6 80. Kf3 Kg7 81. Kg3 Kg6 82. Kf3 Kh6 83. Kg3 Kh5 84. Bf7+ Kh6 85. Be6 Kg6 86. Bc4 Kf6 1/2-1/2

[Event "Early-Titled-Tuesday-Blitz-September-12-2023"]
[Site "Chess.com"]
[Date "2023.09.12"]
[Round "9"]
[White "FabianoCaruana"]
[Black "Duhless"]
[Result "1/2-1/2"]
[WhiteElo "3068"]
[BlackElo "2986"]
[TimeControl "180+1"]
[EndTime "9:47:19 PDT"]
[Termination "Game drawn - insufficient material"]

1. e4 e5 2. Nf3 Nc6 3. Bb5 a6 4.
Ba4 Nf6 5. d3 b5 6. Bb3 Bc5 7.
c3 d6 8. Bg5 h6 9. Bh4 Rb8 10.
Nbd2 Kf8 11. Kf1 g5 12. Bg3 Bb6 13. Kg1 Kg7 14. h4 g4 15. Nh2 Nh5 16. Ndf1 Nxg3 17. Nxg3 Qxh4 18. Nhf1 Qe7 19. Bd5 Nd8 20. d4 c6 21. Ne3 Kf8 22. Nef5 Bxf5 23. Nxf5 Qf6 24. Bb3 h5 25. g3 exd4 26. Nxd4 Ne6 27. Nxe6+ fxe6 28. Qxd6+ Kg7 29. Qd7+ Kg6 30. Qxe6 Rhf8 31. Qf5+ Qxf5 32.
exf5+ Kxf5 33. Rxh5+ Kg6 34. Rh2 Rf3 35. Rd1 Rxg3+ 36.
Kf1 Rf3 37. Rd6+ Kg5 38. Bc2 Rf6 39. Rxf6 Kxf6 40. Rh6+ Kg5 41. Rxc6 a5 42. Kg2 Ba7 43. Rc7 Bb6 44. Rg7+ Kh4 45. Bf5 Rf8 46. Rxg4+ Kh5 47. Bd7 Rxf2+ 48. Kh3 Rxb2 49. Rh4+ Kg5 50. Re4 Bc7 51.
Rg4+ Kh5 52. Rh4+ Kg5 53. Rg4+ Kf6 54. Re4 Rxa2 55. Bxb5 Kg5 56. Rg4+ Kf6 57. Rc4 Bd6 58. Kg4 Ke5 59. Kf3 Rh2 60. Ke3 Rh3+ 61. Kd2 Rh2+ 62.
Kd3 Rh3+ 63. Kc2 Rh2+ 64. Kb3 Rh8 65. Ka4 Ra8 66. Bc6 Ra7 67. Re4+ Kf6 68. c4 Bg3 69. Bd5 Kf5 70. Re3 Bf4 71. Re8 Kf6 72. c5 Rc7 73. c6 Bg3 74. Kxa5 Ra7+ 75. Kb6 Bf2+ 76. Kb5 Bg3 77. Re6+ Kf5 78. Re8 Bh2 79. Rf8+ Ke5 80. Bg2 Kd4 81. Kb6 Ra1 82. Rd8+ Kc4 83.
Kb7 Rb1+ 84. Ka6 Ra1+ 85. Kb7 Rb1+ 86. Kc8 Rb8+ 87. Kd7 Rxd8+ 88. Kxd8 Kc5 89. c7 Bxc7+ 1/2-1/2

[Event "Early-Titled-Tuesday-Blitz-September-12-2023"]
[Site "Chess.com"]
[Date "2023.09.12"]
[Round "9"]
[White "RobertoJBM"]
[Black "TatjanaVasilevich"]
[Result "1-0"]
[WhiteElo "2805"]
[BlackElo "2551"]
[TimeControl "180+1"]
[EndTime "9:47:27 PDT"]
[Termination "RobertoJBM won by checkmate"]

1. d4 Nf6 2. c4 e6 3. Nf3 Bb4+ 4. Bd2 Bxd2+ 5. Qxd2 d6 6. Nc3 O-O 7. e4 Qe7 8. Be2 e5 9. d5 a5 10. O-O Na6 11. Ne1 Nc5 12. f3 a4 13. Nd3 Nfd7 14. Rab1 f5 15. Nxc5 Nxc5 16. Bd3 f4 17. b4 axb3 18.
axb3 g5 19. b4 Na6 20. c5 dxc5 21. Bxa6 Rxa6 22. Nb5 Rb6 23. d6 cxd6 24. bxc5 dxc5 25. Rfd1 Be6 26. Qc3 Bd7 27. Nc7 Rxb1 28. Rxb1 Bc6 29.
Qc4+ Qf7 30. Nd5 Rd8 31. Qxc5 Bxd5 32. exd5 Qxd5 33. Qxd5+ Rxd5 34. Rxb7 h5 35. h3 Rd6 36. Kf2 Re6 37. Ke2 e4 38. fxe4 Rxe4+ 39. Kf3 Re3+ 40. Kf2 Re5 41. Kf3 Kh8 42. Ra7 Kg8 43. Rb7 Kf8 44. Rh7 Re3+ 45. Kf2 g4 46. Rxh5 g3+ 47. Kf1 Re4 48.
Rh7 Kg8 49. Ra7 Rb4 50. Ke2 Rb2+ 51. Kf3 Rf2+ 52. Kg4 Rxg2 53. Kxf4 Rg1 54. Kf3 g2 55.
Kf2 Rc1 56. Kxg2 Rc3 57. Rb7 Rd3 58. Rc7 Rb3 59. Kh2 Ra3 60. Rb7 Rd3 61. Kg2 Ra3 62. Rc7 Kf8 63. Rh7 Kg8 64. Re7 Kf8 65. Re4 Kf7 66. Rg4 Kf6 67. h4 Kf5 68. Rg5+ Kf4 69. Rg8 Ra2+ 70. Kh3 Kf3 71. Rf8+ Ke4 72. h5 Ra1 73.
Kg4 Rh1 74. Re8+ Kd5 75. Kg5 Rg1+ 76. Kf6 Rf1+ 77. Kg6 Rg1+ 78. Kh7 Kd6 79. h6 Kd7 80. Rg8 Rh1 81. Rg6 Ke8 82. Kg7 Rf1 83. h7 Rf7+ 84.
Kh6 Rf8 85. Rg8 Rxg8 86. hxg8=Q+ Ke7 87. Qd5 Kf6 88. Qe4 Kf7 89. Qe5 Kf8 90. Qc7 Ke8 91. Kg6 Kf8 92. Qf7# 1-0

[Event "Early-Titled-Tuesday-Blitz-September-12-2023"]
[Site "Chess.com"]
[Date "2023.09.12"]
[Round "9"]
[White "Jackalhead_Anubis"]
[Black "the-gambler"]
[Result "1-0"]
[WhiteElo "2408"]
[BlackElo "2478"]
[TimeControl "180+1"]
[EndTime "9:47:31 PDT"]
[Termination "Jackalhead_Anubis won by checkmate"]

1. e4 c6 2. d4 g6 3. Nc3 Bg7 4. f4 d6 5. Nf3 Nf6 6. Be2 O-O 7. O-O Bg4 8. h3 Bxf3 9. Bxf3 e5 10. dxe5 dxe5 11.
Qxd8 Rxd8 12. fxe5 Nfd7 13. e6 fxe6 14. Bg4 Nf8 15. Bg5 Re8 16. Rad1 Nbd7 17. h4 h6 18. Bf4 Ne5 19. Bh3 Nc4 20. b3 Nb2 21. Na4 Nxd1 22. Rxd1 Rad8 23. Rf1 Kh7 24. Kh1 Nd7 25.
Bc7 Rc8 26. Bd6 Kg8 27. Rd1 b6 28. Bh2 Nf8 29. Rd6 Kf7 30. c4 Red8 31. c5 bxc5 32. Nxc5 Rxd6 33. Bxd6 Rd8 34. Bc7 Rd1+ 35. Kh2 Bd4 36. Nb7 Bf6 37. g3 Rd7 38. Nd6+ Ke7 39. Nc8+ Kf7 40. Bf4 g5 41. Be3 Bd4 42. Bxd4 Rxd4 43.
Nxa7 Rxe4 44. Bg2 Re2 45. a4 c5 46. a5 Ra2 47. Nc6 Nd7 48. Kg1 gxh4 49. gxh4 Ra3 50. Bf1 Rxb3 51. a6 Rg3+ 52. Kf2 Ra3 53. a7 Nb6 54.
Bg2 c4 55. Bf3 Kf6 56. Ke2 Kf5 57. Bg2 Kg4 58. Kd2 Kxh4 59. Kc1 Kg3 60. Be4 h5 61. Kb2 Ra4 62. Kc3 h4 63. Kd4 h3 64. Kc5 Na8 65. Kb5 c3 66. Kxa4 h2 67. Kb3 Nc7 68.
Nd4 Kf4 69. Bb7 e5 70. Ne6+ Kf5 71. Nxc7 e4 72. Bxe4+ Kxe4 73. a8=Q+ Kd3 74. Qd5+ Ke3 75.
Kxc3 Kf2 76. Qh1 Kg3 77. Nd5 Kh3 78. Kd4 Kg3 79. Ke4 Kf2 80. Kf4 Ke2 81. Qxh2+ Kd3 82.
Ke5 Kc4 83. Qd2 Kb3 84. Nf6 Ka3 85. Nh7 Kb3 86. Qc1 Ka2 87. Kd4 Kb3 88. Qc3+ Ka2 89. Qb4 Ka1 90. Kc3 Ka2 91. Qb2# 1-0

[Event "Early-Titled-Tuesday-Blitz-September-12-2023"]
[Site "Chess.com"]
[Date "2023.09.12"]
[Round "9"]
[White "seopie"]
[Black "djano"]
[Result "1/2-1/2"]
[WhiteElo "2822"]
[BlackElo "2650"]
[TimeControl "180+1"]
[EndTime "9:48:23 PDT"]
[Termination "Game drawn by 50-move rule"]

1. d4 d5 2. c4 e6 3. Nf3 Nf6 4. g3 Be7 5. Bg2 O-O 6. Nc3 c5 7. cxd5 exd5 8. O-O c4 9. Ne5 Nc6 10. Bg5 Be6 11. Nxc6 bxc6 12. b3 cxb3 13. axb3 h6 14. Bf4 Re8 15. Na4 Ne4 16. Rc1 Rc8 17. f3 Nd6 18.
Nc5 Qb6 19. Kh1 Bf5 20. e4 Bg6 21. Nd7 Qa6 22. Nc5 Qb5 23. Re1 Bf8 24. Bh3 Rcd8 25. Bf1 Qb6 26. e5 Nb5 27. Be3 Bf5 28. Bd3 Bxd3 29.
Qxd3 a5 30. f4 Nc7 31. f5 Qb5 32. Qd1 Na6 33. Nxa6 Qxa6 34. Qg4 c5 35. f6 Qe6 36.
Qxe6 Rxe6 37. dxc5 Rxe5 38. Bd4 Re4 39. fxg7 Rxd4 40.
gxf8=Q+ Kxf8 41. Red1 Rxd1+ 42. Rxd1 Ke7 43. Ra1 Rb8 44.
Rxa5 Rxb3 45. Kg2 d4 46. Ra4 d3 47. Rd4 Rc3 48. Kf2 Rc2+ 49. Kf3 d2 50. h4 Ke6 51. Ke2 Rxc5 52. Rxd2 Kf5 53. Rd3 Kg4 54. Kf2 Rc2+ 55. Kg1 Kh3 56. Rf3 f5 57. Rxf5 Kxg3 58. Kf1 Kxh4 59. Rf3 Kg4 60. Ra3 h5 61. Kg1 Rc4 62.
Kh1 h4 63. Kg1 h3 64. Ra8 Rc1+ 65. Kh2 Rc2+ 66. Kh1 Rc3 67. Rg8+ Kf3 68. Kh2 Rc2+ 69. Kxh3 Rc7 70. Rf8+ Ke4 71. Kg3 Rg7+ 72. Kf2 Ke5 73. Ke3 Ke6 74. Ke4 Re7 75. Ra8 Kd6+ 76. Kf4 Rf7+ 77. Kg5 Re7 78. Kf6 Re6+ 79. Kf5 Re5+ 80.
Kf4 Rc5 81. Ra6+ Rc6 82. Ra1 Rc4+ 83. Kf5 Rc5+ 84. Kf6 Kc6 85. Rb1 Rc2 86. Ke5 Re2+ 87. Kd4 Rd2+ 88. Kc4 Rd7 89. Rh1 Rd6 90. Rh8 Re6 91.
Rc8+ Kd6 92. Rh8 Rf6 93. Kd4 Rf4+ 94. Ke3 Rf6 95. Ke4 Re6+ 96. Kd4 Rf6 97. Ra8 Rf4+ 98. Ke3 Rf6 99. Ke4 Re6+ 100. Kf5 Re5+ 101. Kf4 Rc5 102. Ra6+ Rc6 103. Ra8 Kd5 104. Rd8+ Rd6 105. Ra8 Rf6+ 106. Ke3 Rc6 107. Kd3 Kd6 108. Kd4 Rb6 109. Rh8 Rb4+ 110. Kc3 Rg4 111. Kd3 Kd5 112. Rh5+ Ke6 113. Ra5 Rg3+ 114. Ke4 Rg4+ 115. Kf3 Rd4 116. Ke3 Rd5 117. Ra1 Ke5 118. Ra4 Kd6 119. Ra6+ 1/2-1/2

[Event "Early-Titled-Tuesday-Blitz-September-12-2023"]
[Site "Chess.com"]
[Date "2023.09.12"]
[Round "10"]
[White "JiiHart"]
[Black "HeinichessPY"]
[Result "1-0"]
[WhiteElo "2162"]
[BlackElo "2326"]
[TimeControl "180+1"]
[EndTime "9:50:26 PDT"]
[Termination "JiiHart won by resignation"]

1. e4 c5 2. c3 Nc6 3. d4 cxd4 4. cxd4 d5 5. exd5 Nb4 6. Qa4+ Bd7 7. Qxb4 e5 8. d6 exd4 9. Qxd4 Nf6 10. Nc3 g6 11.
Qe5+ Be6 12. Bb5+ Qd7 13. Bxd7+ 1-0

[Event "Early-Titled-Tuesday-Blitz-September-12-2023"]
[Site "Chess.com"]
[Date "2023.09.12"]
[Round "10"]
[White "LileKoridze"]
[Black "Djager97"]
[Result "0-1"]
[WhiteElo "2373"]
[BlackElo "2533"]
[TimeControl "180+1"]
[EndTime "9:51:18 PDT"]
[Termination "Djager97 won by resignation"]

1. d4 Nf6 2. c4 c5 3. d5 d6 4. Nc3 g6 5. e4 Bg7 6. Nf3 O-O 7. Be2 e6 8. dxe6 fxe6 9. O-O Nc6 10. Be3 e5 11.
Nd5 Nxe4 12. Bd3 Nf6 13. Bg5 Be6 14. Nd2 Nd4 15. Ne4 Bxd5 16. cxd5 Qe7 17. b3 Rf7 18. f4 exf4 19. Rxf4 Raf8 20. Qf3 Nxf3+ 0-1

[Event "Early-Titled-Tuesday-Blitz-September-12-2023"]
[Site "Chess.com"]
[Date "2023.09.12"]
[Round "10"]
[White "BlitzWizard04"]
[Black "Juicy_Fork"]
[Result "1-0"]
[WhiteElo "2622"]
[BlackElo "2475"]
[TimeControl "180+1"]
[EndTime "9:51:34 PDT"]
[Termination "BlitzWizard04 won by resignation"]

1. e4 e5 2. Nf3 Nc6 3. c3 d5 4.
Qa4 f6 5. Bb5 Ne7 6. exd5 Qxd5 7. d4 Bg4 8. Nbd2 e4 9. c4 Qf5 10.
Nh4 Qh5 11. d5 e3 12. Ndf3 exf2+ 13. Kf1 g5 14. dxc6 b6 15. h3 Be6 16. Nd4 Qxh4 17. Nxe6 Qe4 18. Nxc7+ Kd8 19. Qd1+ Kxc7 20. Qd7+ 1-0

[Event "Early-Titled-Tuesday-Blitz-September-12-2023"]
[Site "Chess.com"]
[Date "2023.09.12"]
[Round "10"]
[White "MathiasWomacka"]
[Black "jraosam"]
[Result "1-0"]
[WhiteElo "2472"]
[BlackElo "2021"]
[TimeControl "180+1"]
[EndTime "9:51:37 PDT"]
[Termination "MathiasWomacka won by resignation"]

1. e4 c5 2. Nf3 d6 3. d4 cxd4 4. Nxd4 Nf6 5. Nc3 a6 6. Be2 e5 7. Nb3 Be7 8. O-O O-O 9. Kh1 Be6 10. f4 exf4 11. Bxf4 Nc6 12. Qe1 Ne5 13. Rd1 Qc7 14.
Qg3 Rfd8 15. Nd4 Bc4 16. Nf5 Bf8 17. Bxc4 Qxc4 18. Bg5 Nxe4 19. Nxe4 Qxe4 20. Bxd8 Rxd8 21. Nh6+ Kh8 22. Nxf7+ Nxf7 23. Rxf7 Qxc2 24. Rdf1 Kg8 25. Qf3 Qc8 26. Qd5 Kh8 27. Rxb7 1-0

[Event "Early-Titled-Tuesday-Blitz-September-12-2023"]
[Site "Chess.com"]
[Date "2023.09.12"]
[Round "10"]
[White "Ishowmoves57"]
[Black "Ready4abattle"]
[Result "0-1"]
[WhiteElo "2123"]
[BlackElo "2322"]
[TimeControl "180+1"]
[EndTime "9:51:46 PDT"]
[Termination "Ready4abattle won by resignation"]

1. e4 c5 2. Nf3 Nc6 3. b3 g6 4.
Bb2 Nf6 5. e5 Nd5 6. e6 f6 7.
exd7+ Qxd7 8. Nc3 Bh6 9. Nxd5 Qxd5 10. Bc4 Qe4+ 11. Be2 Bf5 12. O-O Qxc2 13. Qxc2 Bxc2 14. Rac1 Be4 15. Rxc5 Rd8 16. d4 O-O 17. Nd2 Bxd2 0-1

[Event "Early-Titled-Tuesday-Blitz-September-12-2023"]
[Site "Chess.com"]
[Date "2023.09.12"]
[Round "10"]
[White "dadice10"]
[Black "zverr1"]
[Result "1-0"]
[WhiteElo "2250"]
[BlackElo "2468"]
[TimeControl "180+1"]
[EndTime "9:51:55 PDT"]
[Termination "dadice10 won by checkmate"]

1. e4 c5 2. Nc3 Nc6 3. Bb5 Nd4 4.
Bc4 e6 5. Nge2 a6 6. d3 b5 7. Bb3 Be7 8. Nxd4 cxd4 9. Ne2 Qb6 10. O-O d6 11. Ng3 Nf6 12. f4 Bb7 13. f5 e5 14.
Bg5 Qc5 15. Bxf6 Bxf6 16. Nh5 Bg5 17. Nxg7+ Kf8 18. Qh5 Be3+ 19. Kh1 d5 20. Ne6+ fxe6 21. fxe6+ Ke7 22. Qf7+ Kd6 23. Qd7# 1-0

[Event "Early-Titled-Tuesday-Blitz-September-12-2023"]
[Site "Chess.com"]
[Date "2023.09.12"]
[Round "10"]
[White "Young_Catalan_Player09"]
[Black "Akylbek2021"]
[Result "1-0"]
[WhiteElo "2451"]
[BlackElo "2310"]
[TimeControl "180+1"]
[EndTime "9:51:58 PDT"]
[Termination "Young_Catalan_Player09 won by checkmate"]

1. d4 Nf6 2. Nf3 e6 3. Bf4 c5 4. e3 Nc6 5. Nbd2 d5 6. c3 Bd6 7. Bg3 O-O 8. Bd3 b6 9. e4 dxe4 10. Nxe4 Nxe4 11. Bxe4 Bb7 12. dxc5 Bxc5 13. Qa4 Na5 14. Rd1 Qe8 15. Bxh7+ Kxh7 16. Qh4+ Kg6 17. Ne5+ Kf5 18. Qf4# 1-0

[Event "Early-Titled-Tuesday-Blitz-September-12-2023"]
[Site "Chess.com"]
[Date "2023.09.12"]
[Round "10"]
[White "Cambek64"]
[Black "ferrufino64"]
[Result "1-0"]
[WhiteElo "2485"]
[BlackElo "2275"]
[TimeControl "180+1"]
[EndTime "9:52:00 PDT"]
[Termination "Cambek64 won by resignation"]

1. e4 c5 2. Nc3 Nc6 3. d3 g6 4. Be3 d6 5. d4 cxd4 6. Bxd4 Nxd4 7. Qxd4 Nf6 8. e5 dxe5 9. Bb5+ Bd7 10. Qxe5 Bxb5 11. Nxb5 Qa5+ 12. c3 O-O-O 13. Nd6+ Rxd6 14. Qxa5 Bh6 15. Nf3 Re6+ 16. Kf1 Rd8 17. Qa4 Re4 18. Qc2 Ng4 19. Rd1 Rxd1+ 20. Qxd1 Re6 21. h3 Nf6 22. g3 Rd6 23. Qc2 Nd5 24. Kg2 Bg7 25. Re1 e6 26.
Ng5 Rd7 27. Nxh7 a6 28. Ng5 Kc7 29. h4 Nf6 30. Ne4 Nd5 31. a3 Bf8 32. Re2 Be7 33.
Rd2 Rd8 34. c4 Ne3+ 1-0

[Event "Early-Titled-Tuesday-Blitz-September-12-2023"]
[Site "Chess.com"]
[Date "2023.09.12"]
[Round "10"]
[White "El_Matador12"]
[Black "Fleetw00dMac"]
[Result "1-0"]
[WhiteElo "2599"]
[BlackElo "2462"]
[TimeControl "180+1"]
[EndTime "9:52:13 PDT"]
[Termination "El_Matador12 won by resignation"]

1. d4 Nf6 2. Bg5 d5 3. Bxf6 exf6 4. e3 Bd6 5. g3 c6 6. Bg2 f5 7. Ne2 Nd7 8. O-O Nf6 9. b3 O-O 10. c4 Be6 11. Qd3 Ne4 12. Nbc3 g6 13. cxd5 cxd5 14. Rfc1 a6 15. Na4 Rc8 16. Rxc8 Qxc8 17. Rc1 Qd8 18. Nc5 Bc8 19. b4 a5 20. b5 b6 21.
Na4 Bd7 22. Qb3 Qa8 23. Nxb6 1-0

[Event "Early-Titled-Tuesday-Blitz-September-12-2023"]
[Site "Chess.com"]
[Date "2023.09.12"]
[Round "10"]
[White "Leonid_Starozhilov"]
[Black "hellokostya"]
[Result "1/2-1/2"]
[WhiteElo "2778"]
[BlackElo "2623"]
[TimeControl "180+1"]
[EndTime "9:52:18 PDT"]
[Termination "Game drawn by agreement"]

1. e4 c5 2. Nf3 Nc6 3. Bb5 g6 4.
O-O Bg7 5. Nc3 Nf6 6. Bxc6 dxc6 7. d3 Nd7 8. Be3 b6 9. Qd2 e5 10. Bh6 O-O 11. h3 f6 12. Nh2 Qe7 13. Bxg7 Qxg7 14. f4 exf4 15. Rxf4 Ne5 16. Raf1 Be6 17. b3 Rad8 18. Qe3 Rd7 19. R4f2 Rdf7 20. Nf3 Nxf3+ 21. Rxf3 f5 22. exf5 Bxf5 23. Ne4 Bxe4 24. Qxe4 Rxf3 25. Rxf3 Rxf3 26. gxf3 1/2-1/2

[Event "Early-Titled-Tuesday-Blitz-September-12-2023"]
[Site "Chess.com"]
[Date "2023.09.12"]
[Round "10"]
[White "GianmarcoVaR"]
[Black "nihalsarin"]
[Result "0-1"]
[WhiteElo "2660"]
[BlackElo "3100"]
[TimeControl "180+1"]
[EndTime "9:52:20 PDT"]
[Termination "nihalsarin won by resignation"]

1. e4 a6 2. d4 c6 3. Bd3 d5 4. Nf3 Bg4 5. Nbd2 e6 6. O-O Nd7 7. Re1 Ngf6 8. e5 Ng8 9. c3 Ne7 10. Nf1 Bh5 11. a4 c5 12. Bg5 Qc7 13. Ng3 Bg6 14.
b4 cxd4 15. cxd4 Nc6 16. Bxg6 hxg6 17. b5 Na5 18. Rc1 Nc4 19. Nd2 axb5 20. axb5 Ndb6 21. Qb3 Ra3 22. Qb1 Be7 23. Bxe7 Qxe7 24. Nf3 Rxf3 25.
gxf3 Qh4 26. Qd3 Qxh2+ 27. Kf1 Qh4 28. Kg2 Qf4 29. Rh1 Rf8 30. Rh7 Qxc1 31. Rxg7 Qh6 0-1

[Event "Early-Titled-Tuesday-Blitz-September-12-2023"]
[Site "Chess.com"]
[Date "2023.09.12"]
[Round "10"]
[White "EvgenyBurmakin"]
[Black "Irishchessman16"]
[Result "1-0"]
[WhiteElo "2284"]
[BlackElo "2446"]
[TimeControl "180+1"]
[EndTime "9:52:30 PDT"]
[Termination "EvgenyBurmakin won by resignation"]

1. e4 c5 2. Nc3 e6 3. Nf3 a6 4. d4 cxd4 5. Nxd4 b5 6. a3 Bb7 7. f3 Nc6 8. Be3 Qc7 9. Qd2 Nf6 10. g4 Be7 11. O-O-O b4 12. axb4 Bxb4 13. h4 Ne5 14. h5 Nxf3 15. Nxf3 Nxe4 16. Qd4 Nxc3 17. Qxg7 Nxd1 18.
Qxh8+ Ke7 19. Bg5+ Kd6 20. Qd4+ Kc6 21. Ne5+ 1-0

[Event "Early-Titled-Tuesday-Blitz-September-12-2023"]
[Site "Chess.com"]
[Date "2023.09.12"]
[Round "10"]
[White "GamayevOleg"]
[Black "lamomiajunior"]
[Result "0-1"]
[WhiteElo "2473"]
[BlackElo "2695"]
[TimeControl "180+1"]
[EndTime "9:52:35 PDT"]
[Termination "lamomiajunior won by resignation"]

1. d3 d5 2. e4 c6 3. Nf3 g6 4. Be2 Bg7 5. c3 e5 6. Nbd2 Ne7 7. O-O O-O 8. Re1 a5 9. a4 Nd7 10. h3 b6 11. Bf1 Bb7 12. Qc2 h6 13. g3 f5 14. Bg2 f4 15. d4 fxg3 16. fxg3 exd4 17. Nxd4 Nc5 18. exd5 cxd5 19. N2b3 Qd7 20. Nxc5 bxc5 21.
Ne6 Rf7 22. Nxc5 Qc7 23. Nxb7 Qxb7 24. Bf4 Raf8 25. Rxe7 Qxe7 26. Bxd5 Qc5+ 0-1

[Event "Early-Titled-Tuesday-Blitz-September-12-2023"]
[Site "Chess.com"]
[Date "2023.09.12"]
[Round "10"]
[White "Nekoo04"]
[Black "sqmorr"]
[Result "0-1"]
[WhiteElo "2260"]
[BlackElo "2217"]
[TimeControl "180+1"]
[EndTime "9:52:36 PDT"]
[Termination "sqmorr won by resignation"]

1. d4 Nf6 2. c4 e6 3. Nf3 b6 4. g3 Ba6 5. b3 Bb4+ 6. Bd2 Be7 7. Bg2 O-O 8. Nc3 d5 9. cxd5 exd5 10. O-O Re8 11. Bg5 h6 12. Bxf6 Bxf6 13. Nxd5 Bxe2 14. Nxf6+ Qxf6 15. Qe1 Nd7 16. Ne5 Nxe5 17. Bxa8 Nf3+ 18. Kh1 Nxe1 0-1

[Event "Early-Titled-Tuesday-Blitz-September-12-2023"]
[Site "Chess.com"]
[Date "2023.09.12"]
[Round "10"]
[White "NicolaiMaxime"]
[Black "itsdsyr"]
[Result "1-0"]
[WhiteElo "2559"]
[BlackElo "2244"]
[TimeControl "180+1"]
[EndTime "9:52:52 PDT"]
[Termination "NicolaiMaxime won by resignation"]

1. e4 e5 2. Nf3 Nc6 3. Nc3 Nf6 4. a3 a6 5. d4 exd4 6. Nxd4 Bc5 7. Be3 Ba7 8. Nxc6 bxc6 9. Bxa7 Rxa7 10. e5 Nd5 11. Nxd5 cxd5 12. Qxd5 O-O 13. Bd3 Bb7 14. Qd4 Ra8 15. O-O-O Bc6 16. h4 Qc8 17. h5 Qb7 18. h6 g6 19. e6 f6 20. e7 Rf7 21. Rhe1 Re8 22. Bc4 d5 23. Bb3 a5 24. g4 a4 25. Ba2 Qc8 26. Bxd5 Bxd5 27. Qxd5 c6 28. Qd8 1-0

[Event "Early-Titled-Tuesday-Blitz-September-12-2023"]
[Site "Chess.com"]
[Date "2023.09.12"]
[Round "10"]
[White "Bastiandash"]
[Black "Jackalhead_Anubis"]
[Result "0-1"]
[WhiteElo "2537"]
[BlackElo "2423"]
[TimeControl "180+1"]
[EndTime "9:52:58 PDT"]
[Termination "Jackalhead_Anubis won by resignation"]

1. d4 Nf6 2. Bg5 d5 3. e3 Bf5 4. Bxf6 exf6 5. c4 dxc4 6. Nc3 c6 7. Bxc4 Bd6 8. Nge2 Qc7 9. Ng3 Bd7 10. Qf3 O-O 11. Rc1 Qb6 12. Rc2 Qb4 13. Bd3 Na6 14.
O-O Qa5 15. a3 Rfe8 16. Nh5 Qg5 17. Ne4 Rxe4 18. Qxe4 Qxh5 19. f4 Re8 20. Qf3 Qxf3 21. Rxf3 Nc7 22. e4 Ne6 0-1

[Event "Early-Titled-Tuesday-Blitz-September-12-2023"]
[Site "Chess.com"]
[Date "2023.09.12"]
[Round "10"]
[White "Iball95"]
[Black "masnyszachistaaa"]
[Result "1-0"]
[WhiteElo "2781"]
[BlackElo "2569"]
[TimeControl "180+1"]
[EndTime "9:52:59 PDT"]
[Termination "Iball95 won by checkmate"]

1. e4 c5 2. Nf3 Nc6 3. Nc3 g6 4.
d4 cxd4 5. Nxd4 Bg7 6. Nxc6 bxc6 7. Bc4 Nf6 8. e5 Ng8 9. Qf3 f6 10. Be3 Nh6 11. exf6 exf6 12. O-O-O Nf7 13. Bc5 Ne5 14. Rhe1 Qa5 15. Rxe5+ fxe5 16. Qf7+ Kd8 17. Bd6 Bh6+ 18. Kb1 Bg5 19. Ne4 Bh4 20. g3 Ba6 21. Nc5 Bc8 22.
Ne6+ dxe6 23. Bc7# 1-0

[Event "Early-Titled-Tuesday-Blitz-September-12-2023"]
[Site "Chess.com"]
[Date "2023.09.12"]
[Round "10"]
[White "Al_Shima"]
[Black "Actuary44"]
[Result "0-1"]
[WhiteElo "2345"]
[BlackElo "2515"]
[TimeControl "180+1"]
[EndTime "9:53:00 PDT"]
[Termination "Actuary44 won by checkmate"]

1. b3 e5 2. Bb2 d6 3. e3 f5 4. d4 e4 5. d5 Nf6 6. Nh3 Be7 7. Nf4 O-O 8. h4 c6 9. a4 cxd5 10. Nc3 d4 11. Qxd4 Nc6 12. Bc4+ Kh8 13. Qd2 Ne5 14. Be6 Nfg4 15. Ncd5 Bxh4 16. Bxe5 dxe5 17.
Bxc8 exf4 18. Nxf4 Rxc8 19. Qxd8 Bxf2+ 20. Ke2 Rxc2+ 21. Qd2 Rxd2+ 22. Kxd2 Bxe3+ 23. Ke2 Bxf4 24. Rad1 Rc8 25. Rd7 Rc2+ 26. Kd1 Ne3+ 27. Ke1 Bg3# 0-1

[Event "Early-Titled-Tuesday-Blitz-September-12-2023"]
[Site "Chess.com"]
[Date "2023.09.12"]
[Round "10"]
[White "kidagent"]
[Black "ajedrezhoy"]
[Result "1-0"]
[WhiteElo "2236"]
[BlackElo "2375"]
[TimeControl "180+1"]
[EndTime "9:53:02 PDT"]
[Termination "kidagent won by resignation"]

1. e4 Nf6 2. e5 Nd5 3. d4 d6 4. Nf3 g6 5. Bc4 Nb6 6. Bb3 Bg7 7. O-O O-O 8. Nc3 Nc6 9. Bf4 Bg4 10. exd6 cxd6 11.
d5 Ne5 12. Bxe5 Bxe5 13. h3 Bxc3 14. bxc3 Bxf3 15. Qxf3 Rc8 16. Rfe1 Nd7 17. Qe3 Re8 18. Qxa7 Nc5 19. Qa3 Qd7 20. Qb4 Qf5 21. Re2 Rc7 22.
Rae1 Qf6 23. Ba4 Rec8 24. Bb5 Kf8 25. c4 Nd7 26. Rxe7 Ne5 27. R7xe5 1-0